AoeStats
← 俄佐立仲裁者泰菲力

Nomad

505440657Analyzed
4v4 RM · 24d ago on Sep 9, 2026· 48m 57s· 8 players
Game mode
Random Map
Map size
231×231
Population
200
Speed
Normal
Resources
Standard
Victory
Conquest
Starting age
Dark Age
Ending age
Imperial Age
RankedLock teamsTeams togetherTeam positionsShared explorationLock speedFull tech treeHidden civsTurbo modeCheats
Victory
Defeat
🇭🇰 Maya · Hong Kong SAR China
1799
+12
🇸🇬 Spanish · Singapore
1781
+13
🇭🇰 Shu · Hong Kong SAR China
1687
+17
🇩🇪 Japanese · Germany
1681
+17
🇹🇼 Vikings · Taiwan
1752
-16
1707
-15
🇹🇼 Sicilians · Taiwan
1703
-14
🇹🇼 Koreans · Taiwan
1696
-14
comrade in arms
14:13 Feudal Age
15:12 Double-Bit Axe
15:16 Fishing Lines
17:51 Castle Age
17:29 Gold Mining
21:20 Bloodlines
21:18 Loom
22:28 Sanctity
22:46 Stone Mining
22:44 Loom
23:14 Bow Saw
27:31 Imperial Age
26:11 Husbandry
27:49 Fervor
29:13 Block Printing
29:52 Theocracy
30:16 Illumination
33:22 Redemption
33:02 Horse Collar
36:58 Wheelbarrow
36:08 Town Watch
37:03 Scale Barding Armor
37:52 Pikeman
38:32 Squires
40:31 Inquisition
42:07 Halberdier
42:43 Town Watch
43:14 Hand Cart
43:28 Chain Barding Armor
43:45 Scale Mail Armor
43:52 Heavy Plow
45:19 Supremacy
45:30 Chain Mail Armor
47:06 Two-Man Saw
47:23 Plate Mail Armor
47:03 Forging
48:22 Conscription
48:38 Hoardings
48:15 Forging
47:57 Fletching
49:04 Stone Shaft Mining
49:47 Iron Casting
俄佐立仲裁者泰菲力
4:29 Loom
14:07 Feudal Age
16:36 Town Watch
19:23 Castle Age
17:52 Gold Mining
18:11 Double-Bit Axe
18:08 Horse Collar
18:20 Fletching
23:56 Bodkin Arrow
24:03 Crossbowman
26:05 Padded Archer Armor
29:50 Wheelbarrow
30:10 Gold Shaft Mining
32:04 Ballistics
32:37 Thumb Ring
34:32 Heavy Plow
36:41 Hand Cart
36:26 Town Patrol
40:32 Imperial Age
39:17 Leather Archer Armor
40:15 Stone Mining
41:20 Bracer
42:22 Chemistry
41:47 Guilds
41:59 Conscription
42:35 Ring Archer Armor
42:56 Squires
42:41 Arson
43:38 Hoardings
42:30 Pikeman
43:11 Halberdier
43:28 Capped Ram
44:47 Scale Mail Armor
44:57 Forging
44:14 Arbalester
44:58 Elite Skirmisher
45:38 Gambesons
欺负我有什么好
3:25 Loom
13:02 Feudal Age
14:42 Double-Bit Axe
17:17 Castle Age
17:12 Town Watch
18:16 Bow Saw
18:54 Horse Collar
19:51 Wheelbarrow
19:18 Fletching
25:33 Bodkin Arrow
27:22 Padded Archer Armor
34:57 Hand Cart
37:46 Ballistics
44:01 Masonry
47:57 Medium Warships
48:54 Forging
LM \ Molle
13:11 Feudal Age
14:15 Town Watch
14:16 Loom
17:17 Castle Age
15:18 Fishing Lines
16:29 Double-Bit Axe
17:16 Fletching
18:17 Gillnets
18:38 Bow Saw
21:01 Bodkin Arrow
23:17 Medium Warships
24:49 Guard Tower
26:09 Masonry
35:49 Imperial Age
34:13 Yasama
34:42 Ballistics
35:48 Wheelbarrow
34:57 Horse Collar
35:25 Gold Mining
35:26 Stone Mining
37:10 Conscription
37:15 Scale Mail Armor
36:54 Pikeman
38:10 Arson
38:26 Squires
38:44 Chain Mail Armor
39:17 Conscription
38:31 Halberdier
40:35 Treadmill Crane
43:13 Chemistry
43:20 Hand Cart
45:21 Kataparuto
45:37 Hoardings
46:38 Plate Mail Armor
46:18 Forging
46:13 Bracer
46:57 Arrowslits
48:57 Keep
hanson013
6:35 Loom
13:29 Feudal Age
17:10 Castle Age
15:31 Fletching
16:56 Double-Bit Axe
20:10 Bodkin Arrow
24:48 Fishing Lines
25:25 Horse Collar
26:14 Heavy Plow
29:05 Scale Barding Armor
29:43 Wheelbarrow
33:58 Bow Saw
37:03 Gillnets
39:35 Town Watch
45:49 Imperial Age
43:22 Gold Mining
44:41 Hand Cart
44:22 Crossbowman
46:10 Ballistics
47:41 Chemistry
47:00 Bracer
46:32 Arbalester
48:50 Thumb Ring
50:05 Two-Man Saw
FUFU
13:21 Feudal Age
13:23 Loom
17:15 Castle Age
15:42 Double-Bit Axe
16:27 Gold Mining
17:28 Crossbowman
17:59 Fletching
18:27 Bow Saw
18:43 Bodkin Arrow
19:57 Town Watch
24:16 Scale Barding Armor
26:06 Horse Collar
31:46 Imperial Age
32:23 Ballistics
33:58 Bracer
34:06 Elite Skirmisher
41:02 Conscription
40:58 Padded Archer Armor
46:18 Arbalester
48:54 Leather Archer Armor
Kevin10_7414
5:28 Loom
13:48 Feudal Age
14:20 Double-Bit Axe
20:45 Castle Age
19:44 Forging
21:39 Medium Warships
23:59 Horse Collar
24:30 Bow Saw
25:33 Wheelbarrow
24:43 Town Watch
25:00 Heavy Plow
24:52 Fishing Lines
26:24 Gillnets
33:56 Imperial Age
31:56 Gold Mining
32:11 Scale Barding Armor
32:36 Bloodlines
32:27 Husbandry
33:13 Chain Barding Armor
34:03 Gold Shaft Mining
35:27 Plate Barding Armor
34:14 Cavalier
35:15 Conscription
35:34 Hauberk
35:58 Hauberk
36:54 Devotion
37:31 Scale Mail Armor
38:38 Chain Mail Armor
39:00 Iron Casting
39:30 Squires
40:02 Faith
41:28 Blast Furnace
40:43 Chain Mail Armor
43:09 Chain Mail Armor
43:32 Fletching
43:58 Heavy Plow
44:59 Plate Mail Armor
44:38 Bodkin Arrow
45:18 Guilds
45:09 Caravan
45:21 Clinker Construction
45:42 Hand Cart
45:23 Stone Mining
45:57 First Crusade
44:57 Elite Serjeant
45:52 Murder Holes
46:19 Ballistics
46:59 Chemistry
46:05 Siege Engineers
46:37 Bracer
47:58 Padded Archer Armor
47:44 Arrowslits
Kevin的下分小幫手
10:49 Loom
13:23 Feudal Age
14:03 Town Watch
17:00 Castle Age
14:55 Fishing Lines
15:36 Double-Bit Axe
16:27 Gold Mining
17:33 Fletching
17:50 Crossbowman
20:28 Bodkin Arrow
21:07 Gillnets
27:57 Guard Tower
Connection lost

Rejoining the realm…

Still unreachable

The connection could not be restored.

Session expired

The server has moved on; the page needs a fresh start.